 Dungeon Crawl Stone Soup version 0.19.3 (webtiles) character file.

15001 nono the Nimble (level 12, -3/74 HPs)
             Began as a Halfling Assassin on Jan 23, 2017.
             Was a Believer of Uskayaw.
             Slain by a dire elephant (31 damage)
             ... on level 2 of the Lair of Beasts.
             The game lasted 00:42:26 (11774 turns).

nono the Nimble (Halfling Assassin)                Turns: 11774, Time: 00:42:27

Health: -3/74      AC: 14    Str: 16    XL:     12   Next: 52%
Magic:  15/18      EV: 25    Int:  9    God:    Uskayaw [**....]
Gold:   585        SH:  8    Dex: 22    Spells: 0 memorised, 11 levels left

rFire  . . .     SeeInvis .     p - +4 scimitar (flame)
rCold  + . .     Gourm    .     H - +3 leather armour of the Forest {rC+}
rNeg   . . .     Faith    .     n - +0 buckler
rPois  .         Spirit   .     (no helmet)
rElec  .         Reflect  .     d - +0 cloak
rCorr  .         Harm     .     j - +1 pair of gloves
MR     .....                    c - +2 pair of boots
Stlth  +++.......               (no amulet)
                                (no ring)
                                I - +5 ring of dexterity

@: flying, very slightly contaminated, hasted, very quick
A: mutation resistance 1
a: Stomp, Line Pass, Renounce Religion


You were on level 2 of the Lair of Beasts.
You worshipped Uskayaw.
Uskayaw was aware of your devotion.
You were near starving.

You visited 3 branches of the dungeon, and saw 13 of its levels.

You collected 823 gold pieces.
You spent 238 gold pieces at shops.

Inventory:

Hand Weapons
 b - a +0 blowgun
 p - a +4 scimitar of flaming (weapon)
 B - a +2 short sword of draining
 G - a +2 dagger of venom
Missiles
 e - 46 poisoned needles
 f - 4 curare-tipped needles
 C - 61 sling bullets
 E - 2 needles of sleeping
 S - 8 needles of confusion
Armour
 c - a +2 pair of boots (worn)
 d - a +0 cloak (worn)
 j - a +1 pair of gloves (worn)
 n - a +0 buckler (worn)
 H - the +3 leather armour of the Forest (worn) {rC+}
   (You bought it in a shop on level 5 of the Dungeon)

   It protects you from cold.
 Z - a +0 plate armour
Jewellery
 a - an uncursed ring of stealth
 k - a +2 ring of protection
 t - an uncursed ring of flight
 F - an uncursed ring of ice
 I - a +5 ring of dexterity (left hand)
 O - an uncursed ring of ice
Wands
 u - a wand of enslavement (23/24)
 K - a wand of flame (41/48)
 W - a wand of acid (5/15)
Scrolls
 i - 4 scrolls of amnesia
 o - 3 scrolls of magic mapping
 q - 2 scrolls of enchant armour
 w - 3 scrolls of immolation
 y - a scroll of fear
 z - 2 scrolls of remove curse
 A - 2 scrolls of teleportation
 Q - 2 scrolls of blinking
 T - a scroll of silence {unknown}
 U - a scroll of recharging
 X - a scroll of brand weapon {unknown}
Potions
 h - 4 potions of curing
 r - a potion of lignification {unknown}
 s - 2 potions of haste
 x - a potion of flight
 D - a potion of magic {unknown}
 J - 2 potions of heal wounds {unknown}
 L - 2 potions of brilliance
 M - a potion of resistance
 P - 4 potions of agility
Books
 l - a book of Party Tricks

   Spells                             Type                      Level
   a - Summon Butterflies             Summoning                    1
   b - Apportation                    Translocation                1
   c - Lesser Beckoning               Translocation                3
   d - Tukima's Dance                 Hexes                        3
   e - Alistair's Intoxication        Transmutation/Poison         5
   f - Invisibility                   Hexes                        6
 R - a book of Geomancy

   Spells                             Type                      Level
   a - Sandblast                      Earth                        1
   b - Passwall                       Transmutation/Earth          2
   c - Stone Arrow                    Conjuration/Earth            3
   d - Petrify                        Transmutation/Earth          4
   e - Lee's Rapid Deconstruction     Earth                        5
Comestibles
 g - 9 bread rations
 m - 6 beef jerkies
 v - 8 meat rations
 N - 3 fruits


   Skills:
 + Level 4.0 Fighting
 - Level 2.4(6.2) Short Blades
 - Level 7.6(7.7) Long Blades
 - Level 2.0 Throwing
 - Level 10.1 Armour
 - Level 10.9 Dodging
 - Level 4.3 Stealth
 - Level 8.0 Shields
 - Level 9.0 Invocations


You had 11 spell levels left.
You didn't know any spells.

Dungeon Overview and Level Annotations

Branches:
Dungeon (10/15)            Temple (1/1) D:7            Lair (2/6) D:8
  Swamp (0/4) Lair:2          Orc (0/2) D:10
  Snake: Lair:2-4    Spider: Lair:2-4

Altars:
Ashenzari
Cheibriados
Dithmenos
Elyvilon
Fedhas
Gozag
Hepliaklqana
Kikubaaqudgha
Makhleb
Nemelex Xobeh
Okawaru
Qazlal
Ru
Sif Muna
Trog
Uskayaw
Vehumet
Xom
Yredelemnul
Zin

Shops:
D:5 [   D:7 ?   D:9 ?

Annotations:
D:4 ponk's ghost, novice TrBe
D:6 Menkaure
D:10 Sonja


Innate Abilities, Weirdness & Mutations

You are small and have problems with some larger weapons.
You are somewhat resistant to further mutation.


Message History

You block the lindwurm's attack. The lindwurm misses you.
You hit the lindwurm. You burn the lindwurm.
The lindwurm is lightly wounded.
You catch the helpless lindwurm completely off-guard!
You hit the lindwurm but do no damage.
The lindwurm is lightly wounded.
The lindwurm seems less confused.
The lindwurm breathes flames at you. The blast of flame misses you.
You slash the lindwurm! You burn the lindwurm.
The lindwurm is moderately wounded.
You are engulfed in a cloud of scalding steam.
You are near starving!
The lindwurm bites you! The lindwurm misses you.
The lindwurm completely misses you.
You can now pass through a line of other dancers.
You hit the dire elephant but do no damage.
The dire elephant is moderately wounded.
The dire elephant tramples you!!
You die...

######
♣♣♣♣♣♣♣
#8:)8#
♣♣.....♣♣♣♣
#.$[k#
♣.........♣♣
#≈..≈#
#♣.........P.
#≈≈≈≈
♣..≈≈≈.......
#≈≈#
♣≈≈≈P≈≈......
#≈###
♣≈≈≈≈≈≈≈.....
#≈≈≈##
#≈≈≈≈≈≈≈P..≈≈
#≈≈@≈#
♣≈≈≈≈≈≈≈≈.≈≈≈
#♣##Y#
#≈≈≈♣♣≈≈≈≈≈≈≈
##≈≈#
#♣≈P♣♣≈≈≈≈≈≈≈
##≈≈≈#
#♣≈≈≈♣≈≈≈≈≈≈≈
#≈≈≈##
♣≈≈≈P♣≈≈≈≈≈≈≈
#≈≈##
#≈≈P♣♣≈.≈≈≈≈≈
#≈≈8#
#♣≈≈♣♣♣....≈≈
#≈≈≈##
♣≈≈≈♣♣♣......
##≈≈≈#
♣≈≈≈≈♣♣♣.....


You could see a dire elephant.

Vanquished Creatures
  2 hydras (Lair:2)
  Erica (D:8)
  Pikel (D:8)
  6 elephants
  Joseph (D:10)
  A spiny frog (Lair:2)
  4 komodo dragons
  3 rime drakes
  3 hippogriffs
  3 yaks (D:10)
  A basilisk (Lair:1)
  2 hungry ghosts
  3 vampire mosquitoes (Lair:2)
  2 water moccasins (Lair:2)
  7 porcupines
  A slave (D:8)
  4 ice beasts
  4 orc warriors (D:10)
  3 sky beasts
  A phantom (D:9)
  3 ogres
  A necrophage (D:9)
  An eye of draining (D:8)
  2 centaurs
  5 wolves (Lair:2)
  A big kobold (D:7)
  2 crocodiles
  A wyvern zombie (D:9)
  12 bullfrogs
  A gnoll sergeant (D:7)
  A water moccasin zombie (D:8)
  4 scorpions
  8 killer bees
  3 crimson imps
  A centaur zombie (D:5)
  3 jellies
  6 hounds
  A centaur skeleton (D:5)
  A bullfrog skeleton (D:7)
  7 orc priests
  15 orc wizards
  5 iguanas
  7 worker ants
  7 gnolls
  11 adders
  3 shadow imps
  An adder skeleton (D:4)
  2 dart slugs
  2 worms
  7 leopard geckos
  38 orcs
  4 giant cockroaches
  6 goblins
  5 hobgoblins
  13 jackals
  13 kobolds
  4 quokkas
  2 ball pythons
  2 bats
  4 frilled lizards
  A jackal skeleton (D:5)
  A jackal zombie (D:5)
  9 rats
279 creatures vanquished.

Vanquished Creatures (others)
  3 slaves (D:8)
  2 killer bees (D:8)
  An orc (D:8)
  7 toadstools (Lair:2)
13 creatures vanquished.

Grand Total: 292 creatures vanquished

Notes
Turn   | Place    | Note
-------+----------+-------------------------------------------
     0 | D:1      | nono the Halfling Assassin began the quest for the Orb.
     0 | D:1      | Reached XP level 1. HP: 14/14 MP: 1/1
    63 | D:1      | Reached XP level 2. HP: 15/19 MP: 2/2
   241 | D:1      | Reached XP level 3. HP: 17/24 MP: 3/3
   779 | D:2      | Found an iron altar of Okawaru.
  1005 | D:2      | Reached XP level 4. HP: 27/29 MP: 4/4
  1094 | D:2      | Reached skill level 1 in Armour
  1386 | D:2      | Reached skill level 1 in Shields
  1645 | D:3      | Reached XP level 5. HP: 28/34 MP: 5/5
  2158 | D:3      | Found a burning altar of Makhleb.
  2160 | D:3      | Noticed a balrug
  2161 | D:3      | Found a glowing silver altar of Zin.
  2161 | D:3      | Noticed an angel
  2450 | D:4      | Reached XP level 6. HP: 30/39 MP: 6/6
  2496 | D:4      | Noticed ponk's ghost (novice TrBe)
  3103 | D:5      | Entered Level 5 of the Dungeon
  3115 | D:5      | Reached skill level 5 in Dodging
  3251 | D:5      | Found Dodopayh's Antique Armour Boutique.
  3258 | D:5      | Bought a steaming leather armour for 126 gold pieces
  3268 | D:5      | Identified the +3 leather armour of the Forest {rC+} (You bought it in a shop on level 5 of the Dungeon)
  3346 | D:5      | Found a blossoming altar of Fedhas.
  3353 | D:5      | Reached XP level 7. HP: 44/44 MP: 7/7
  3564 | D:5      | Found a snail-covered altar of Cheibriados.
  3800 | D:6      | Noticed Menkaure
  4011 | D:6      | Reached XP level 8. HP: 45/49 MP: 8/8
  4208 | D:6      | Reached skill level 5 in Armour
  4208 | D:6      | Reached skill level 5 in Shields
  5264 | D:7      | Reached XP level 9. HP: 42/54 MP: 9/9
  5463 | D:7      | Reached skill level 1 in Long Blades
  5608 | D:7      | Found a staircase to the Ecumenical Temple.
  5656 | Temple   | Entered the Ecumenical Temple
  5747 | Temple   | Became a worshipper of Uskayaw the Reveler
  5767 | D:7      | Reached * piety under Uskayaw
  5773 | D:7      | Reached ** piety under Uskayaw
  5780 | D:7      | Reached *** piety under Uskayaw
  5865 | D:7      | Found Paxof's Magic Scroll Emporium.
  5873 | D:7      | Bought a scroll of blinking for 112 gold pieces
  6016 | D:7      | Found an opulent altar of Gozag.
  6168 | D:8      | Reached skill level 1 in Invocations
  6171 | D:8      | Found a staircase to the Lair.
  6258 | D:8      | Noticed Pikel
  6294 | D:8      | Killed Pikel
  6294 | D:8      | Reached XP level 10. HP: 51/60 MP: 10/12
  6295 | D:8      | Reached **** piety under Uskayaw
  6612 | D:8      | Noticed Erica
  6757 | D:8      | Gained mutation: Potions and wands are less effective at restoring your health. [potion of mutation]
  6757 | D:8      | Gained mutation: Your spells are a little harder to cast, but a little more powerful. [potion of mutation]
  6758 | D:8      | Lost mutation: Your spells are a little harder to cast, but a little more powerful. [potion of cure mutation]
  6758 | D:8      | Lost mutation: Potions and wands are less effective at restoring your health. [potion of cure mutation]
  6841 | D:8      | Killed Erica
  6841 | D:8      | Reached skill level 5 in Invocations
  6931 | D:8      | Found a basalt altar of Yredelemnul.
  6983 | D:8      | Got a shadowed robe
  6994 | D:8      | Identified the cursed +1 robe "Taen" {rN+} (You found it on level 8 of the Dungeon)
  7238 | D:9      | Found Dexkiery's Magic Scroll Boutique.
  7637 | D:9      | Found a sacrificial altar of Ru.
  7923 | D:10     | Entered Level 10 of the Dungeon
  8098 | D:10     | Noticed Joseph
  8140 | D:10     | Killed Joseph
  8140 | D:10     | Reached skill level 5 in Long Blades
  8140 | D:10     | Reached XP level 11. HP: 19/64 MP: 15/15
  8468 | D:10     | Reached ***** piety under Uskayaw
  8493 | D:10     | Reached ****** piety under Uskayaw
  8543 | D:10     | Found a staircase to the Orcish Mines.
  8623 | D:10     | Noticed Sonja
  8715 | Lair:1   | Entered Level 1 of the Lair of Beasts
  9625 | Lair:2   | Reached skill level 10 in Dodging
  9732 | Lair:2   | Noticed an eight-headed hydra
  9794 | Lair:2   | Noticed an elephant
  9795 | Lair:2   | Noticed an elephant
  9828 | Lair:2   | Noticed an elephant
 10057 | Lair:2   | Killed a one-headed hydra
 10063 | Lair:2   | Noticed an elephant
 10066 | Lair:2   | Noticed an elephant
 10066 | Lair:2   | Noticed an elephant
 10104 | Lair:2   | Killed an elephant
 10116 | Lair:2   | Killed an elephant
 10142 | Lair:2   | Killed an elephant
 10142 | Lair:2   | Reached XP level 12. HP: 13/70 MP: 13/18
 10145 | Lair:2   | Noticed a six-headed hydra
 10619 | Lair:2   | Killed a one-headed hydra
 10619 | Lair:2   | Reached skill level 10 in Armour
 10985 | Lair:2   | Found a staircase to the Swamp.
 11426 | Lair:2   | Found a runed door.
 11745 | Lair:2   | Noticed a dire elephant
 11774 | Lair:2   | Slain by a dire elephant

Skill      XL: |  1  2  3  4  5  6  7  8  9 10 11 12 |
---------------+-------------------------------------+-----
Dodging        | 2 3 4 5 6 7 8 9 10 | 10.9
Armour         | 1 2 3 4 5 7 8 9 10 | 10.1
Shields        | 1 2 3 4 6 7 8 |  8.0
Long Blades    | 3 5 6 7 |  7.6
Invocations    | 3 6 8 9 |  9.0
Fighting       | 4 |  4.0
Short Blades   | |  2.4
Throwing       | |  2.0
Stealth        | |  4.3

Action                   |  1- 3 |  4- 6 |  7- 9 | 10-12 || total
-------------------------+-------+-------+-------+-------++-------
Melee: Dagger            |   114 |   106 |    96 |    58 ||   374
       Short sword       |       |   121 |   282 |   336 ||   739
       Scimitar          |       |       |       |   263 ||   263
 Fire: Blowgun           |       |       |     4 |       ||     4
Invok: Stomp             |       |       |       |     1 ||     1
       Line Pass         |       |       |       |     6 ||     6
  Use: Scroll            |       |     6 |       |    19 ||    25
       Potion            |       |       |       |    15 ||    15
 Stab: Sleeping          |     5 |     1 |    11 |    14 ||    31
       Paralysed         |       |       |     3 |    21 ||    24
       Distracted        |       |       |       |     3 ||     3
       Invisible         |       |       |       |     1 ||     1
       Confused          |       |       |       |     2 ||     2
  Eat: Chunk             |       |     8 |    11 |    16 ||    35
       Pizza             |       |       |       |     1 ||     1
       Fruit             |       |       |       |     3 ||     3
Armor: Robe              |    13 |       |       |       ||    13
       Scale mail        |     5 |    60 |       |       ||    65
       Leather armour    |       |     3 |    81 |    92 ||   176
       Plate armour      |       |       |       |    12 ||    12
Dodge: Dodged            |    78 |   105 |   250 |   482 ||   915
Block: Buckler           |     4 |    48 |   117 |   260 ||   429
       Rpst.: Scimitar   |       |       |       |    57 ||    57
